 Dungeon Crawl Stone Soup version 0.31-a0-640-g39d97e502b (webtiles) character file.

Game seed: 10960636138471938859

40 GordonOverkill the Sneak (level 3, -1/20 HPs)
             Began as a Vine Stalker Delver on Aug 28, 2023.
             Slain by a gnoll
             ... wielding a +0 whip
              (6 damage)
             ... on level 5 of the Dungeon.
             The game lasted 00:03:49 (789 turns).

GordonOverkill the Sneak (Vine Stalker Delver)       Turns: 789, Time: 00:03:49

Health: -1/20      AC:  3    Str: 14    XL:     3   Next: 50%
Magic:  0/4        EV: 12    Int: 12    God:
Gold:   96         SH:  0    Dex: 15    Spells: 2/2 levels left

rFire   . . .        a - +0 spear
rCold   . . .        (no shield)
rNeg    . . .        b - +0 leather armour
rPois   .            (no helmet)
rElec   .            (no cloak)
rCorr   .            (no gloves)
SInv    .            (no boots)
Will    .....        (no amulet)
Stlth   +++          (no ring)
HPRegen 0.23/turn    (no ring)
MPRegen 0.09/turn

%: guardian spirit
@: no status effects
A: fangs 2, magic shield, antimagic bite, no potion heal 2
a: no special abilities


You were on level 5 of the Dungeon.
You visited 1 branch of the dungeon, and saw 3 of its levels.

You collected 96 gold pieces.

Inventory:

Hand Weapons
 a - a +0 spear (weapon)
Armour
 b - a +0 leather armour (worn)
 j - a +0 chain mail
Wands
 g - a wand of digging (3)
Scrolls
 c - 2 scrolls of fog
 d - a scroll of revelation
 e - a scroll of fear
 h - a scroll of noise {unknown}
 i - 2 scrolls of immolation {unknown}
 k - 2 scrolls of teleportation {unknown}
 n - a scroll of torment {unknown}
 p - a scroll of enchant weapon {unknown}
 q - a scroll of identify {unknown}
Potions
 f - 4 potions of haste
 l - a potion of heal wounds {unknown}
 m - a potion of berserk rage {unknown}
 o - a potion of enlightenment {unknown}


   Skills:
 - Level 3.0 Fighting
 + Level 2.4 Polearms
 - Level 2.0 Dodging
 - Level 6.0 Stealth
 + Level 0.4 Spellcasting
 + Level 0.5 Conjurations
 + Level 0.4 Ice Magic
 + Level 0.5 Air Magic


You had 2 spell levels left.
You didn't know any spells.
Your spell library contained the following spells:

 Spells                   Type           Power      Damage    Failure   Level
 Poisonous Vapours        Pois/Air       0%         N/A       50%         2
 Mephitic Cloud           Conj/Pois/Air  1%         N/A       71%         3
 Freezing Cloud           Conj/Ice/Air   0%         6-21      100%        5


Dungeon Overview and Level Annotations

Branches:
Dungeon (7/15)
 Temple: D:4-7

Altars:
Elyvilon


Innate Abilities, Weirdness & Mutations

You have extremely sharp teeth.
When hurt, damage is shared between your health and your magic reserves.
Your bite disrupts and absorbs the magic of your enemies.
Potions cannot restore your health.


Message History

You hit the gnoll.
The gnoll is almost dead.
The gnoll closely misses you.
You hit the gnoll.
You kill the gnoll!
The gnoll shouts!
You hear a shout! x2
A gnoll comes into view. It is wielding a +0 flail.
The gnoll throws a throwing net.
The throwing net misses you.
You see here a throwing net.
A gnoll comes into view. It is wielding a +0 halberd.
You see here a throwing net.
r - a throwing net The gnoll shouts!
The gnoll barely misses you.
An orc comes into view. It is wielding a +0 morningstar.
The gnoll attacks as it pursues you! The gnoll closely misses you.
Okay, then.
The gnoll attacks as it pursues you! The gnoll misses you.
The gnoll attacks as it pursues you! The gnoll closely misses you.
The gnoll attacks as it pursues you! The gnoll misses you.
The gnoll attacks as it pursues you! The gnoll barely misses you.
The gnoll attacks as it pursues you! The gnoll barely misses you.
The gnoll attacks as it pursues you! The gnoll completely misses you.
The gnoll attacks as it pursues you! The gnoll hits you with a +0 whip.
The gnoll attacks as it pursues you! The gnoll closely misses you.
The gnoll attacks as it pursues you! The gnoll hits you with a +0 whip!
* * * LOW HITPOINT WARNING * * *
The gnoll attacks as it pursues you! The gnoll hits you with a +0 whip!
* * * LOW HITPOINT WARNING * * *
The gnoll attacks as it pursues you! The gnoll hits you with a +0 whip.
* * * LOW HITPOINT WARNING * * *
Sorry, you're not good enough to have a special ability.
Unknown command.
Throw: throwing net
Press: ? - help, Q - select action Shift-Dir - straight line, f - gnoll
Aim: a gnoll, wielding a +0 whip (60% to hit)
You throw a throwing net.
The throwing net closely misses the gnoll.
The gnoll hits you with a +0 whip!
You die...

#.# #.# #.# #.# #.# #.#
#.# #.# #.# #.########.#
#.# #.###.......##.###
#.# ................>#
#)# #.#########.##...#
#.# #.# #.##...# #.# ..#
##....#.#####.#
##########..####@##....#
...........g.# #g##.####
.########..#.# #.##.# .#
#......#.# #.##.# .#
#......#.# #.##.# .#
#......#.###.##.# .#
#.....g#....(##.# ##
#......########)# ..
.#.....g## #.#


You could see a gnoll.

Vanquished Creatures
  2 gnolls (D:5)
  2 adders (D:5)
  An orc (D:5)
5 creatures vanquished.

Notes
Turn   | Place    | Note
-------+----------+-------------------------------------------
     0 | D:5      | GordonOverkill the Vine Stalker Delver began the quest for
                  | the Orb.
     0 | D:5      | Reached XP level 1. HP: 11/11 MP: 2/2
    28 | D:7      | Noticed a black bear
    70 | D:7      | Noticed a centaur
    74 | D:7      | Noticed a hound
    91 | D:6      | Noticed an iguana
   120 | D:6      | Noticed a phantom
   149 | D:5      | Reached XP level 2. HP: 16/16 MP: 3/3
   302 | D:5      | Found a white marble altar of Elyvilon.
   359 | D:5      | Noticed a scorpion
   682 | D:5      | Reached XP level 3. HP: 7/20 MP: 1/4
   789 | D:5      | Slain by a gnoll

Illustrated notes

Levels and vault maps discovered:
D:5:      layout_basic, elyvilon_altar_1, minitemple
D:6:      layout_basic, serial_shops, shop
D:7:      layout_rooms, led_sif_book, minmay_temple_entry_proselytizer

Skill      XL: |  1  2 |
---------------+-------+-----
Polearms       | 2 |  2.4
Fighting       | 3 |  3.0
Dodging        | 2 |  2.0
Stealth        | |  6.0
Spellcasting   | |  0.4
Conjurations   | |  0.5
Ice Magic      | |  0.4
Air Magic      | |  0.5

Action                     || total
---------------------------++-------
  Melee: Spear             ||    26
         Bite              ||     5
  Throw: Throwing net      ||     1
   Stab: Sleeping          ||     2
 Armour: Leather armour    ||     2
  Dodge: Dodged            ||    25

Table legend: (Time is in decaauts)
 A = Elapsed time spent in this place.
 B = Non-inter-level travel time spent in this place.
 C = Inter-level travel time spent in this place.
 D = Time resting spent in this place.
 E = Time spent auto-exploring this place.
 F = Levels seen in this place.
 G = Mean time per level.
                   A        B        C        D        E       F      G
               +--------+--------+--------+--------+--------+-----+--------+
         Total |    789 |    789 |      0 |    195 |      0 |   3 |  263.0 |
       Dungeon |    789 |    789 |      0 |    195 |      0 |   3 |  263.0 |
               +--------+--------+--------+--------+--------+-----+--------+

Top non-repeatable levels by time:
     D:5: 663 daAuts
     D:6: 68 daAuts
     D:7: 57 daAuts
